 Dungeon Crawl Stone Soup version 0.20-a0-9-g62d82d9 (console) character file.

5035 brucemayne the Severer (level 10, 0/139 HPs)
             Began as a Hill Orc Monk on Nov 1, 2016.
             Was an Elder of Trog.
             Slain by a troll (6 damage)
             ... on level 1 of the Orcish Mines.
             The game lasted 00:17:26 (3327 turns).

brucemayne the Severer (Hill Orc Monk)              Turns: 3327, Time: 00:17:26

Health: 0/139      AC: 11    Str: 23    XL:     10   Next: 55%
Magic:  10/10      EV:  8    Int:  8    God:    Trog [****..]
Gold:   571        SH:  0    Dex: 13    Spells: 0 memorised, 9 levels left

rFire  . . .     SeeInvis .     l - +0 war axe (venom)
rCold  . . .     Gourm    .     K - +0 plate armour
rNeg   + . .     Faith    .     (no shield)
rPois  .         Spirit   .     (no helmet)
rElec  .         Reflect  .     (no cloak)
rCorr  .         Harm     .     (no gloves)
MR     .....                    (no boots)
Stlth  ..........               (no amulet)
                                v - +1 ring of evasion
                                g - ring of positive energy

@: berserking, lethally poisoned (0 -> 0), very quick
A: blurry vision 1, dopey 1, subdued magic 1
a: Berserk, Trog's Hand, Brothers in Arms, Burn Spellbooks, Renounce Religion


You were on level 1 of the Orcish Mines.
You worshipped Trog.
Trog was greatly pleased with you.
You were near starving.

You visited 3 branches of the dungeon, and saw 11 of its levels.
You also visited: Ossuary and Bailey.

You collected 571 gold pieces.

Inventory:

Hand Weapons
 a - a +0 hand axe
 j - the cursed +0 spear "Globulus" {pain, *Rage rC+ Dex+4, unknown}
   (You found it on level 7 of the Dungeon)

   In the hands of one skilled in necromantic magic, it inflicts extra damage on
   living creatures.
   It affects your dexterity (+4).
   It protects you from cold.
   It may make you go berserk in combat.
   It has a curse placed upon it.
 l - a +0 war axe of venom (weapon)
 u - a +0 war axe
 B - a +1 whip of freezing
 D - a +0 blowgun
 N - a +2 long sword of holy wrath
Missiles
 y - 40 poisoned needles
 J - 4 tomahawks of returning (quivered)
Armour
 b - a +0 robe
 i - a +0 ring mail
 o - a +0 scale mail
 p - a +0 chain mail
 K - a +0 plate armour (worn)
Jewellery
 g - a ring of positive energy (left hand)
 r - a +2 ring of intelligence
 v - a +1 ring of evasion (right hand)
Scrolls
 d - a scroll of recharging
 h - 2 scrolls of amnesia
 n - a scroll of teleportation
 q - a scroll of blinking {unknown}
 w - a scroll of fear {unknown}
 x - a scroll of immolation {unknown}
 A - 6 scrolls of identify
 C - a scroll of enchant armour {unknown}
 E - 3 scrolls of remove curse
 M - a scroll of summoning {unknown}
Potions
 e - 5 potions of curing
 m - 2 potions of brilliance {unknown}
 s - 2 potions of heal wounds
 t - a potion of resistance {unknown}
 z - 2 potions of degeneration {unknown}
 F - a potion of berserk rage {unknown}
 G - 2 potions of magic {unknown}
 H - a potion of haste {unknown}
 I - 2 potions of flight {unknown}
Books
 k - a book of Cantrips

   Spells                             Type                      Level
   a - Confusing Touch                Hexes                        1
   b - Animate Skeleton               Necromancy                   1
   c - Summon Small Mammal            Summoning                    1
   d - Apportation                    Translocation                1
   Trog disapproves of the use of such an item.
Miscellaneous
 L - a lamp of fire
Comestibles
 c - 5 bread rations
 f - 2 meat rations


   Skills:
 - Level 10.2 Fighting
 + Level 15.5 Axes
 - Level 4.0 Armour
 - Level 2.4 Dodging
 - Level 1.5 Stealth


You had 9 spell levels left.
You didn't know any spells.

Dungeon Overview and Level Annotations

Branches:
Dungeon (9/15)             Temple (1/1) D:6             Orc (1/2) D:9
   Lair: D:8-11

Altars:
Ashenzari
Cheibriados
Dithmenos
Elyvilon
Fedhas
Gozag
Hepliaklqana
Kikubaaqudgha
Makhleb
Okawaru
Qazlal
Ru
Trog
Uskayaw
Vehumet
Xom
Yredelemnul
Zin

Annotations:
D:2 Natasha


Innate Abilities, Weirdness & Mutations

Scrolls take you a little longer to read.
You are dopey. (Int -2)
Your spells are a little easier to cast, but a little less powerful.


Message History

* * * LOW HITPOINT WARNING * * *
Unknown command.
You barely miss the orc knight.
The orc knight is almost dead.
You feel sick.
Unknown command.
You hit the orc knight.
The orc knight looks as sick as possible!
The orc knight is almost dead.
You slash the troll! The orc knight closely misses you.
The orc barely misses you.
Unknown command.
You hit the orc knight but do no damage.
The orc knight looks as sick as possible!
The orc knight is almost dead.
You hit the troll.
You kill the orc knight!
Trog accepts your kill. The troll bites you.
You die...

.## .... .. ...
..###... ..#...
....# ###o..###
##.^T)...#
###..)@)...#
#...<(#)...#
#......##......
##....## #....$
#...... .....
###.... ..##
##.... .# #....
## #####.


You could see a troll and an orc.

Vanquished Creatures
  Pikel (D:7)
  An orc knight (Orc:1)
  A wraith (D:9)
  A hungry ghost (D:9)
  2 hill giant zombies (D:9)
  Menkaure (D:4)
  A sky beast (D:6)
  9 orc warriors
  4 phantoms
  4 ogres
  2 centaurs
  A crocodile (D:7)
  Blork the orc (D:4)
  3 bullfrogs
  3 troll zombies (D:9)
  A howler monkey (D:7)
  3 crimson imps (D:7)
  A bullfrog zombie (D:5)
  4 hounds
  3 orc priests
  5 orc wizards
  Jessica (D:3)
  A gnoll shaman (D:7)
  Natasha (D:2)
  5 worker ants
  3 ogre zombies (D:9)
  A hound skeleton (D:6)
  8 mummies (Ossuary)
  A howler monkey zombie (D:7)
  6 adders
  16 gnolls
  2 oozes (D:2)
  An adder skeleton (D:7)
  2 leopard geckos (D:2)
  21 orcs
  8 goblins
  6 hobgoblins
  4 jackals (D:2)
  A quokka (D:7)
  5 bats
  7 frilled lizards
  3 goblin skeletons (D:9)
  7 goblin zombies (D:9)
  2 hobgoblin skeletons (D:9)
  5 hobgoblin zombies
  A jackal skeleton (D:7)
  15 kobolds
  2 kobold zombies (Ossuary)
  An orc skeleton (D:9)
  12 orc zombies
  2 rats
202 creatures vanquished.

Notes
Turn   | Place    | Note
-------+----------+-------------------------------------------
     0 | D:1      | brucemayne the Hill Orc Monk began the quest for the Orb.
     0 | D:1      | Reached XP level 1. HP: 19/19 MP: 1/1
    22 | D:2      | Found a burning altar of Makhleb.
    34 | D:2      | Found a bloodstained altar of Trog.
    61 | D:2      | Found a sacrificial altar of Ru.
    65 | D:2      | Became a worshipper of Trog the Wrathful
    65 | D:2      | Reached * piety under Trog
    65 | D:2      | Reached ** piety under Trog
    69 | D:2      | Noticed Natasha
    79 | D:2      | Killed Natasha
    79 | D:2      | Reached skill level 5 in Axes
    79 | D:2      | Reached XP level 2. HP: 26/26 MP: 2/2
    79 | D:2      | Reached XP level 3. HP: 31/31 MP: 3/3
   111 | D:2      | Noticed Natasha
   273 | D:3      | Reached skill level 6 in Axes
   328 | D:2      | Reached XP level 4. HP: 24/39 MP: 4/4
   512 | D:3      | Reached skill level 7 in Axes
   574 | D:3      | Noticed Jessica
   579 | D:3      | Killed Jessica
   579 | D:3      | Reached XP level 5. HP: 30/45 MP: 5/5
   634 | D:5      | Entered Level 5 of the Dungeon
   637 | D:5      | Noticed a phantom
   658 | D:4      | Noticed Blork the orc
   664 | D:4      | Reached skill level 8 in Axes
   675 | D:4      | Killed Blork the orc
   675 | D:4      | Reached skill level 9 in Axes
   675 | D:4      | Reached XP level 6. HP: 45/51 MP: 6/6
   710 | D:4      | Noticed a phantom
   769 | D:4      | Killed a phantom
   925 | D:4      | Noticed Menkaure
   933 | D:4      | Killed Menkaure
   933 | D:4      | Reached skill level 10 in Axes
   933 | D:4      | Reached XP level 7. HP: 50/57 MP: 7/7
   933 | D:4      | Reached *** piety under Trog
  1065 | D:5      | Reached skill level 11 in Axes
  1086 | D:5      | Reached skill level 1 in Armour
  1209 | D:6      | Found a staircase to the Ecumenical Temple.
  1221 | Temple   | Entered the Ecumenical Temple
  1374 | D:6      | Reached XP level 8. HP: 34/67 MP: 8/8
  1442 | D:6      | Reached skill level 5 in Fighting
  1494 | D:6      | Gained mutation: You are dopey. (Int -2) [mutagenic meat]
  1495 | D:6      | Gained mutation: Your spells are a little easier to cast, but a little less powerful. [mutagenic meat]
  1496 | D:6      | Gained mutation: Scrolls take you a little longer to read. [mutagenic meat]
  1773 | D:7      | Got a shimmering spear
  1778 | D:7      | Noticed Pikel
  1813 | D:7      | Killed Pikel
  1813 | D:7      | Reached skill level 12 in Axes
  1813 | D:7      | Reached XP level 9. HP: 45/81 MP: 9/9
  1935 | D:7      | Found a sand-covered staircase.
  1951 | Ossuary  | Entered an ossuary
  2219 | D:8      | Reached **** piety under Trog
  2253 | D:8      | Found a flagged portal.
  2302 | Bailey   | Entered a bailey
  2421 | Bailey   | Reached skill level 13 in Axes
  2749 | D:9      | Reached skill level 10 in Fighting
  2766 | D:9      | Reached XP level 10. HP: 37/93 MP: 10/10
  2792 | D:9      | Found a staircase to the Orcish Mines.
  2930 | D:9      | Reached skill level 14 in Axes
  3306 | Orc:1    | Entered Level 1 of the Orcish Mines
  3309 | Orc:1    | Noticed an orc knight
  3322 | Orc:1    | Reached skill level 15 in Axes
  3325 | Orc:1    | HP: 6/139 [poisoned by an orc warrior]
  3327 | Orc:1    | Killed an orc knight
  3327 | Orc:1    | Slain by a troll

Vault maps used:
D:1:      lightli_arrival_statuegarden
D:2:      lemuel_crystal_altar, grunt_temple_overflow_open, grunt_ministairs_12,
          uniq_natasha
D:3:      nemelex_altar_shiori, uniq_jessica, uniq_grinder
D:4:      uniq_menkaure, uniq_blork_the_orc
D:5:      first_bread
D:6:      lemuel_blue_sif_altar, kennysheep_dice
D:7:      nicolae_tso_swordbearing_angel, nicolae_ossuary_entry_ruins,
          uniq_pikel
D:8:      kennysheep_orc_sif_temple, lightli_bailey_entry_fortress,
          grunt_pizzeria
D:9:      zombieorc2_lemuel, nicolae_wwwww
Temple:   eino_wide_crystal_templ
Ossuary:  ossuary_tomb_3
Bailey:   bailey_axe_1, bailey

Skill      XL: |  1  2  3  4  5  6  7  8  9 10 |
---------------+-------------------------------+-----
Axes           | 5 6 7 9 10 11 12 13 15 | 15.5
Fighting       | 4 8 10 | 10.2
Armour         | 2 4 |  4.0
Dodging        | |  2.4
Stealth        | |  1.5

Action                   |  1- 3 |  4- 6 |  7- 9 | 10-12 || total
-------------------------+-------+-------+-------+-------++-------
Melee: Hand axe          |    55 |    45 |       |       ||   100
       War axe           |       |    64 |   327 |   137 ||   528
Throw: Tomahawk          |       |       |    21 |       ||    21
Invok: Berserk           |     1 |     3 |     3 |     2 ||     9
       Trog's Hand       |     1 |     3 |     8 |     8 ||    20
  Use: Scroll            |       |     1 |     4 |     1 ||     6
       Potion            |       |       |     1 |     2 ||     3
 Stab: Sleeping          |     1 |       |       |       ||     1
  Eat: Chunk             |       |     4 |    12 |     3 ||    19
       Meat ration       |       |       |     1 |       ||     1
       Bread ration      |       |       |       |     1 ||     1
Armor: Robe              |     3 |       |       |       ||     3
       Ring mail         |    15 |    46 |       |       ||    61
       Scale mail        |       |     7 |       |       ||     7
       Chain mail        |       |     4 |   129 |       ||   133
       Plate armour      |       |       |    37 |    53 ||    90
Dodge: Dodged            |    34 |    58 |   161 |    31 ||   284
